 Dungeon Crawl Stone Soup version 0.30-a0-652-gcc886f7154 (webtiles) character file.

Game seed: 2096653523588623234

48 warriortoast the Trooper (level 3, -2/30 HPs)
             Began as a Barachi Warper on Jan 17, 2023.
             Slain by a gnoll
             ... wielding a +0 halberd
              (3 damage)
             ... on level 2 of the Dungeon.
             The game lasted 00:03:05 (1627 turns).

warriortoast the Trooper (Barachi Warper)           Turns: 1627, Time: 00:03:05

Health: -2/30      AC:  4    Str: 14    XL:     3   Next: 72%
Magic:  6/6        EV: 12    Int: 13    God:
Gold:   89         SH:  0    Dex: 11    Spells: 6/6 levels left

rFire   + . .      SeeInvis .    a - +0 mace
rCold   . . .      Faith    .    (no shield)
rNeg    . . .      Spirit   .    k - +2 robe {rF+}
rPois   .          Reflect  .    (no helmet)
rElec   .          Harm     .    (no cloak)
rCorr   .          Rampage  .    (no gloves)
Will    .....                    (no boots)
Stlth   +                        (no amulet)
HPRegen 0.25/turn                (no ring)
MPRegen 0.10/turn                (no ring)

@: unable to hop, slow
A: amphibious, slowness 1, strong legs 1, +LOS
a: Hop


You were on level 2 of the Dungeon.
You visited 1 branch of the dungeon, and saw 2 of its levels.

You collected 89 gold pieces.

Inventory:

Hand Weapons
 a - a +0 mace (weapon)
Missiles
 d - a boomerang of dispersal
 j - 3 poisoned darts (quivered)
 p - 5 boomerangs
Armour
 b - a +0 leather armour
 e - a +0 ring mail
 k - a +2 robe of fire resistance (worn)
Jewellery
 i - a ring of magical power
Scrolls
 c - a scroll of blinking
 f - a scroll of poison {unknown}
 h - a scroll of magic mapping {unknown}
 m - a scroll of identify {unknown}
 o - a scroll of amnesia {unknown}
Potions
 g - a potion of cancellation {unknown}
 l - a potion of flight {unknown}
 n - a potion of berserk rage {unknown}
 q - a potion of mutation {unknown}


   Skills:
 + Level 3.7 Fighting
 + Level 3.4 Maces & Flails
 - Level 1.0 Throwing
 - Level 1.2 Armour
 - Level 2.1 Dodging
 - Level 2.1 Spellcasting
 - Level 3.2 Translocations


You had 6 spell levels left.
You didn't know any spells.
Your spell library contained the following spells:

 Spells                   Type           Power      Damage    Failure   Level
 Blink                    Tloc           18%        N/A       10%         2
 Lesser Beckoning         Tloc           18%        N/A       10%         2
 Teleport Other           Tloc           9%         N/A       19%         3
 Vhi's Electric Charge    Tloc/Air       10%        N/A       36%         3
 Manifold Assault         Tloc           9%         N/A       54%         4


Dungeon Overview and Level Annotations

Branches:
Dungeon (2/15)

Altars:


Innate Abilities, Weirdness & Mutations

You are amphibious.
You cover ground slowly.
You can hop short distances.
You have an extended range of vision and can be seen from far away.


Message History

You hit the gnoll.
The gnoll is lightly wounded.
The gnoll barely misses you. x2
You hit the gnoll.
The gnoll is heavily wounded.
The gnoll misses you.
You barely miss the gnoll.
The gnoll is heavily wounded.
The gnoll barely misses you.
You closely miss the gnoll.
The gnoll is heavily wounded.
The gnoll hits you with a +0 club.
The gnoll shouts!
You hit the gnoll.
You kill the gnoll!
You hear a shout!
The gnoll barely misses you.
Hop to where?
Press: ? - help, Dir - move target Boing!
You see here a hobgoblin corpse.
Found a short sword.
The gnoll hits you from afar with a +0 spear.
You enter the shallow water.
The gnoll hits you but does no damage.
The gnoll hits you from afar with a +0 spear.
The gnoll hits you but does no damage.
There is an open gate here.
The gnoll hits you from afar with a +0 spear.
The gnoll barely misses you.
The gnoll hits you from afar with a +0 spear.
You see here a +0 club.
The gnoll closely misses you. The gnoll hits you with a +0 spear!
The gnoll hits you from afar with a +0 halberd!
* * * LOW HITPOINT WARNING * * *
The gnoll barely misses you.
The gnoll hits you from afar with a +0 spear!
* * * LOW HITPOINT WARNING * * *
The gnoll hits you from afar with a +0 halberd.
You die...

.## #.##..######♣♣~...~.♣.~...
#..# #. ##..##..##♣♣~.~.~.~.~.~
##.# #.# ##.##.#.##♣♣~...~...~♣
##.####..##
#....##.##♣♣~.~.~.~♣♣
..............##.##..##♣♣~...~♣♣
#..####.########......##♣♣†).♣♣
#...##..# #....gg...###†''#
.#.....##### #........)......#
............ #..@...##########
.....#.#............#
###..#.#######......# #....###
#......# ##.....#####......#
#.#.#.....######.# #.#....<#.#
..# #.#####.#.# ### #.# #.#..


You could see 2 gnolls.

Vanquished Creatures
  A gnoll (D:2)
  An adder (D:2)
  A dart slug (D:2)
  3 endoplasms (D:1)
  A giant cockroach (D:1)
  2 goblins
  A hobgoblin (D:2)
  3 jackals (D:1)
  4 ball pythons
  2 bats
  5 frilled lizards
  2 kobolds
  2 rats
28 creatures vanquished.

Notes
Turn   | Place    | Note
-------+----------+-------------------------------------------
     0 | D:1      | warriortoast the Barachi Warper began the quest for the
                  | Orb.
     0 | D:1      | Reached XP level 1. HP: 17/17 MP: 3/3
   213 | D:1      | Reached XP level 2. HP: 14/23 MP: 5/5
  1039 | D:1      | HP: 1/24 [frozen (5)]
  1045 | D:1      | Reached XP level 3. HP: 3/29 MP: 6/6
  1626 | D:2      | HP: 1/30 [gnoll/+0 spear (7)]
  1627 | D:2      | Slain by a gnoll

Illustrated notes

Levels and vault maps discovered:
D:1:      psy_arrival_basics, layout_basic
D:2:      layout_rooms, kennysheep_cluttered_room, chequers_arboretum,
          minmay_lizard_pond

Skill      XL: |  1  2 |
---------------+-------+-----
Fighting       | 3 |  3.7
Maces & Flails | 3 |  3.4
Throwing       | |  1.0
Armour         | |  1.2
Dodging        | |  2.1
Spellcasting   | |  2.1
Translocations | |  3.2

Action                   || total
-------------------------++-------
Melee: Mace              ||    87
Throw: Boomerang         ||     6
       Dart              ||    11
 Abil: Hop               ||     1
Armor: Ring mail         ||    23
       Robe              ||    31
Dodge: Dodged            ||    90

Table legend: (Time is in decaauts)
 A = Elapsed time spent in this place.
 B = Non-inter-level travel time spent in this place.
 C = Inter-level travel time spent in this place.
 D = Time resting spent in this place.
 E = Time spent auto-exploring this place.
 F = Levels seen in this place.
 G = Mean time per level.
                   A        B        C        D        E       F      G
               +--------+--------+--------+--------+--------+-----+--------+
         Total |   1854 |   1724 |    130 |    344 |   1025 |   2 |  927.0 |
       Dungeon |   1854 |   1724 |    130 |    344 |   1025 |   2 |  927.0 |
               +--------+--------+--------+--------+--------+-----+--------+

Top non-repeatable levels by time:
     D:1: 1511 daAuts
     D:2: 343 daAuts
